 Dungeon Crawl Stone Soup version 0.30-a0-394-g3e4acdb0ae (webtiles) character file.

Game seed: 481666740633669129

281 zishaf the Shooter (level 5, -2/46 HPs)
             Began as a Demigod Wanderer on Dec 6, 2022.
             Slain by an orc priest
             ... wielding a +1 flail of protection
              (7 damage)
             ... on level 2 of the Dungeon.
             The game lasted 00:03:27 (1869 turns).

zishaf the Shooter (Demigod Wanderer)               Turns: 1869, Time: 00:03:28

Health: -2/46      AC:  5    Str: 13    XL:     5   Next: 77%
Magic:  9/9        EV: 11    Int: 10    God:
Gold:   120        SH:  0    Dex: 21    Spells: 6/6 levels left

rFire   . . .      SeeInvis .    a - +3 sling
rCold   . . .      Faith    .    (no shield)
rNeg    . . .      Spirit   .    u - +0 ring mail
rPois   .          Reflect  .    (no helmet)
rElec   .          Harm     .    (no cloak)
rCorr   .          Rampage  .    (no gloves)
Will    .....                    (no boots)
Stlth   +.........               (no amulet)
HPRegen 0.27/turn                (no ring)
MPRegen 0.11/turn                (no ring)

@: no status effects
A: high MP 1, forlorn, divine attributes
a: no special abilities


You were on level 2 of the Dungeon.
You visited 1 branch of the dungeon, and saw 3 of its levels.

You collected 120 gold pieces.

Inventory:

Hand Weapons
 a - a +3 sling (weapon)
 b - a +0 spear
Armour
 d - a +0 leather armour
 u - a +0 ring mail (worn)
Scrolls
 c - a scroll of fog
 e - a scroll of amnesia {unknown}
 f - a scroll of identify {unknown}
 k - a scroll of poison {unknown}
 l - a scroll of blinking {unknown}
 m - a scroll of enchant armour {unknown}
 o - a scroll of vulnerability {unknown}
 v - a scroll of noise {unknown}
Potions
 g - 2 potions of brilliance {unknown}
 h - a potion of might {unknown}
 i - 3 potions of curing {unknown}
 j - a potion of berserk rage {unknown}
 n - 4 potions of mutation {unknown}
 p - a potion of heal wounds {unknown}
 q - a potion of haste {unknown}
 r - a potion of lignification {unknown}
 s - a potion of flight {unknown}
 t - a potion of magic {unknown}


   Skills:
 + Level 3.8 Fighting
 - Level 1.0 Polearms
 + Level 5.2 Ranged Weapons
 - Level 2.6 Dodging
 - Level 1.0 Stealth
 - Level 1.0 Spellcasting


You had 6 spell levels left.
You didn't know any spells.
Your spell library contained the following spells:

 Spells                   Type           Power      Damage    Failure   Level
 Apportation              Tloc           0%         N/A       58%         1
 Necrotise                Necr           0%         1d4       58%         1
 Summon Small Mammal      Summ           0%         N/A       58%         1
 Vampiric Draining        Necr           0%         2d6       92%         3
 Agony                    Necr           0%         N/A       100%        5


Dungeon Overview and Level Annotations

Branches:
Dungeon (3/15)

Shops:
D:3 :

Annotations:
D:3 Terence


Innate Abilities, Weirdness & Mutations

You have an increased reservoir of magic. (+10% MP)
You shall have no god before yourself.
Your divine heritage dramatically boosts your attributes as you level up.


Message History

The orc wizard mumbles some strange words.
The orc wizard flickers and vanishes!
Deactivating autopickup; reactivate with Ctrl-A.
You shoot a sling bullet.
The sling bullet closely misses the orc priest.
The orc priest barely misses you.
You shoot a sling bullet.
The sling bullet barely misses the orc priest.
An orc priest comes into view. It is wielding a +0 trident.
The orc priest hits you with a +1 flail of protection.
The orc priest closely misses you.
You shoot a sling bullet. The sling bullet hits the orc priest.
The orc priest is heavily wounded.
You hear some strange, mumbled words.
A puff of flame appears from out of thin air!
The puff of flame hits you.
The orc priest hits you with a +1 flail of protection!
Terence barely misses you.
You are too injured to fight recklessly!
You are too injured to fight recklessly!
You shoot a sling bullet.
The sling bullet barely misses the orc priest.
The orc priest misses you. Something hits you. Terence barely misses you.
The orc priest calls down the wrath of Beogh upon you.
Beogh smites you!
* * * LOW HITPOINT WARNING * * *
You hear some strange, mumbled words.
Something tries to affect you, but you resist.
Terence hits you from afar with a +0 trident.
* * * LOW HITPOINT WARNING * * *
You climb upwards.
Reactivating autopickup.
There is a stone staircase leading down here.
Fire: a) +3 sling
Press: ? - help, Q - select action Shift-Dir - straight line, f - orc priest
Aim: an orc priest, wielding a +1 flail of protection (heavily wounded, 66% to hit)
You shoot a sling bullet.
The sling bullet closely misses the orc priest.
The orc priest hits you with a +1 flail of protection!
You die...

#..[# # #####.### ## #.....#
#. #.....# #. #.....## #.
#......### #. ######........#
#.
############....[........###.
#...........@o...............
##.###############.......####
#.# #.......# #
#.############# #.......# #
#.........†...# #.......# #
#############.# #.......# #
#.# #.......# # #.#
############ #.# #.....#


You could see an orc priest.

Vanquished Creatures
  An orc wizard (D:2)
  3 adders (D:2)
  4 dart slugs
  4 orcs
  9 bats
  5 endoplasms
  2 giant cockroaches
  9 goblins
  10 hobgoblins
  7 jackals (D:1)
  6 kobolds
  2 quokkas
  7 ball pythons (D:1)
  3 frilled lizards
  3 rats
75 creatures vanquished.

Vanquished Creatures (others)
  Sigmund (D:3)
1 creature vanquished.

Grand Total: 76 creatures vanquished

Notes
Turn   | Place    | Note
-------+----------+-------------------------------------------
     0 | D:1      | zishaf the Demigod Wanderer began the quest for the Orb.
     0 | D:1      | zishaf set off with the following items: a +3 sling, a +0
                  | spear, a scroll of fog, a +0 leather armour.
     0 | D:1      | Reached XP level 1. HP: 16/16 MP: 3/3
    69 | D:1      | Reached XP level 2. HP: 23/23 MP: 3/5
   107 | D:1      | Reached skill level 1 in Spellcasting
   149 | D:1      | Reached skill level 4 in Ranged Weapons
   273 | D:1      | Reached XP level 3. HP: 29/29 MP: 6/6
  1156 | D:2      | Reached XP level 4. HP: 31/37 MP: 8/8
  1715 | D:3      | Found Ydanlura's Book Shoppe.
  1730 | D:3      | Noticed Sigmund
  1732 | D:3      | Noticed Terence
  1741 | D:3      | Killed Sigmund
  1742 | D:3      | Reached skill level 5 in Ranged Weapons
  1742 | D:3      | Reached XP level 5. HP: 15/46 MP: 9/9
  1869 | D:2      | Slain by an orc priest

Illustrated notes

Levels and vault maps discovered:
D:1:      minmay_arrival_three_doors, layout_basic, minmay_tall_x
D:2:      layout_basic, kennysheep_generic_room_3
D:3:      gammafunk_wand_slinger, layout_loops_ring, serial_shops,
          nicolae_shop_hallway_plus, uniq_terence, uniq_sigmund

Skill      XL: |  1  2  3  4 |
---------------+-------------+-----
Spellcasting   | 1 |  1.0
Ranged Weapons | 4 5 |  5.2
Fighting       | 2 3 |  3.8
Polearms       | |  1.0
Dodging        | |  2.6
Stealth        | |  1.0

Action                   |  1- 3 |  4- 6 || total
-------------------------+-------+-------++-------
 Fire: Sling             |   111 |    66 ||   177
Armor: Leather armour    |    10 |     3 ||    13
       Ring mail         |       |     7 ||     7
Dodge: Dodged            |    17 |    24 ||    41

Table legend: (Time is in decaauts)
 A = Elapsed time spent in this place.
 B = Non-inter-level travel time spent in this place.
 C = Inter-level travel time spent in this place.
 D = Time resting spent in this place.
 E = Time spent auto-exploring this place.
 F = Levels seen in this place.
 G = Mean time per level.
                   A        B        C        D        E       F      G
               +--------+--------+--------+--------+--------+-----+--------+
         Total |   1913 |   1784 |    129 |    100 |   1355 |   3 |  637.7 |
       Dungeon |   1913 |   1784 |    129 |    100 |   1355 |   3 |  637.7 |
               +--------+--------+--------+--------+--------+-----+--------+

Top non-repeatable levels by time:
     D:2: 1065 daAuts
     D:1: 790 daAuts
     D:3: 57 daAuts
